AoeStats
← grilly69

Black Forest

507244456Analyzed
3v3 RM · 16d ago on Sep 17, 2026· 71m 29s· 6 players
Game mode
Random Map
Map size
Normal (6 player)
Population
200
Speed
Normal
Resources
Standard
Victory
Conquest
Starting age
Dark Age
Ending age
Imperial Age
RankedLock teamsTeams togetherTeam positionsShared explorationLock speedFull tech treeHidden civsTurbo modeCheats
Victory
Defeat
🇦🇺 Hindustanis · Australia
857
+10
🇦🇺 Khmer · Australia
792
+12
🇦🇺 Huns · Australia
622
+19
🇧🇪 Celts · Belgium
734
-15
🇮🇪 Burgundians · Ireland
698
-13
🇭🇺 Khmer · Hungary
682
-13
DvDCover1028
0:31 Loom
7:49 Wheelbarrow
15:36 Feudal Age
15:28 Double-Bit Axe
15:27 Horse Collar
17:27 Bow Saw
18:19 Hand Cart
17:51 Town Watch
18:28 Heavy Plow
20:29 Gold Mining
24:43 Castle Age
24:37 Fletching
25:29 Bodkin Arrow
26:39 Husbandry
26:05 Cavalier
29:50 Forging
31:55 Burgundian Vineyards
34:42 Gold Shaft Mining
36:58 Imperial Age
35:57 Town Patrol
36:35 Iron Casting
36:27 Ballistics
36:21 Masonry
37:22 Redemption
39:22 Conscription
40:40 Bracer
41:43 Blast Furnace
40:49 Scale Barding Armor
42:15 Paladin
43:39 Chain Barding Armor
50:49 Crop Rotation
52:54 Caravan
61:15 Plate Barding Armor
60:16 Elite Coustillier
Kanye Best
0:34 Loom
13:27 Feudal Age
14:42 Double-Bit Axe
17:06 Horse Collar
23:37 Castle Age
21:36 Gold Mining
22:09 Stone Mining
23:11 Fletching
24:32 Caravan
24:47 Bow Saw
24:59 Heavy Plow
27:53 Bloodlines
29:07 Padded Archer Armor
29:06 Bodkin Arrow
30:09 Gold Shaft Mining
30:00 Fortified Wall
35:32 Imperial Age
35:05 Stone Shaft Mining
34:48 Leather Archer Armor
36:46 Conscription
36:34 Double Crossbow
37:42 Chemistry
37:19 Crop Rotation
36:45 Town Watch
37:02 Cavalier
39:43 Elite Ballista Elephant
41:49 Ring Archer Armor
45:21 Wheelbarrow
44:53 Bracer
47:10 Parthian Tactics
51:23 Forging
51:19 Scale Barding Armor
51:53 Murder Holes
RosConor
0:30 Loom
17:00 Feudal Age
18:17 Horse Collar
18:26 Double-Bit Axe
24:09 Castle Age
22:13 Man-at-Arms
22:50 Gold Mining
23:37 Stone Mining
25:24 Heavy Plow
28:49 Wheelbarrow
29:03 Town Watch
30:40 Caravan
32:52 Gold Shaft Mining
32:58 Stone Shaft Mining
34:48 Hand Cart
37:55 Imperial Age
35:55 Gambesons
35:31 Long Swordsman
35:31 Pikeman
36:30 Fortified Wall
37:05 Town Patrol
37:03 Arson
37:45 Scale Mail Armor
37:56 Forging
38:15 Stronghold
38:53 Bow Saw
38:26 Halberdier
39:54 Chain Mail Armor
40:15 Iron Casting
40:12 Conscription
41:23 Plate Mail Armor
42:37 Chemistry
42:52 Blast Furnace
43:33 Heavy Scorpion
46:01 Furor Celtica
56:21 Siege Engineers
56:38 Masonry
62:38 Hoardings
61:25 Elite Woad Raider
62:24 Scale Barding Armor
62:20 Padded Archer Armor
62:10 Fletching
68:22 Leather Archer Armor
68:29 Chain Barding Armor
68:05 Bodkin Arrow
67:53 Elite Woad Raider
69:59 Ring Archer Armor
70:33 Two-Handed Swordsman
71:55 Hoardings
neb
0:48 Loom
11:15 Feudal Age
11:35 Horse Collar
11:44 Double-Bit Axe
15:41 Gold Mining
19:45 Castle Age
18:22 Stone Mining
22:03 Heavy Plow
22:15 Bow Saw
27:18 Caravan
28:04 Gold Shaft Mining
30:02 Imperial Age
29:03 Wheelbarrow
29:24 Caravan
32:20 Crop Rotation
32:13 Scale Barding Armor
32:18 Forging
31:58 Elite Ballista Elephant
33:43 Bloodlines
33:35 Husbandry
36:36 Hand Cart
36:26 Double Crossbow
36:34 Town Watch
37:10 Chain Barding Armor
37:26 Iron Casting
37:54 Chemistry
37:14 Ballistics
37:09 Fortified Wall
37:08 Siege Engineers
37:17 Fortified Wall
37:28 Ballistics
38:18 Chemistry
39:07 Murder Holes
40:36 Plate Barding Armor
41:01 Blast Furnace
43:18 Heavy Scorpion
50:34 Town Patrol
66:51 Devotion
67:43 Theocracy
Road Runner
1:27 Loom
13:52 Feudal Age
14:13 Horse Collar
16:19 Gold Mining
18:03 Double-Bit Axe
23:48 Castle Age
24:47 Heavy Plow
26:48 Stone Mining
27:35 Gold Shaft Mining
28:21 Bow Saw
30:16 Caravan
33:35 Bloodlines
33:25 Husbandry
37:19 Imperial Age
36:44 Ballistics
36:34 Fortified Wall
36:36 Forging
36:31 Scale Barding Armor
38:23 Iron Casting
39:05 Grand Trunk Road
39:25 Conscription
41:28 Stone Shaft Mining
42:27 Heavy Camel Rider
44:39 Blast Furnace
43:59 Chain Barding Armor
48:03 Chain Barding Armor
48:24 Imperial Camel Rider
53:41 Chemistry
52:52 Fortified Wall
52:47 Siege Engineers
54:42 Plate Barding Armor
56:13 Wheelbarrow
55:23 Town Watch
69:00 Two-Man Saw
grilly69
12:16 Feudal Age
13:23 Double-Bit Axe
14:45 Gold Mining
14:45 Horse Collar
16:29 Wheelbarrow
21:29 Castle Age
21:58 Scale Barding Armor
22:07 Forging
22:33 Hand Cart
22:33 Bow Saw
22:28 Heavy Plow
25:52 Gold Shaft Mining
30:13 Caravan
30:45 Chain Barding Armor
31:02 Iron Casting
30:29 Padded Archer Armor
30:20 Fletching
30:50 Stone Mining
32:09 Bloodlines
32:01 Husbandry
33:18 Thumb Ring
36:56 Imperial Age
37:25 Cavalier
37:37 Heavy Cavalry Archer
38:58 Plate Barding Armor
39:24 Blast Furnace
38:40 Leather Archer Armor
38:21 Bodkin Arrow
39:11 Paladin
48:31 Bracer
49:05 Parthian Tactics
54:23 Atheism
54:38 Conscription
Connection lost

Rejoining the realm…

Still unreachable

The connection could not be restored.

Session expired

The server has moved on; the page needs a fresh start.